 Dungeon Crawl Stone Soup version 0.31-a0-836-g3ceb0a68c4 (webtiles) character file.

Game seed: 370140281511483473

1835 Shayle the Grave Robber (level 8, -1/69 HPs)
             Began as a Demonspawn Reaver on Sept 26, 2023.
             Was an Initiate of Ashenzari.
             Slain by an orc warlord
             ... wielding a +6 battleaxe
              (21 damage)
             ... in a bailey.
             The game lasted 00:13:54 (5871 turns).

Shayle the Grave Robber (Demonspawn Reaver)         Turns: 5871, Time: 00:13:54

Health: -1/69      AC: 10    Str: 13    XL:     8   Next: 87%
Magic:  11/11      EV: 10    Int: 16    God:    Ashenzari [......]
Gold:   317        SH:  0    Dex: 12    Spells: 9/11 levels left

rFire   + . .        n - +4 hand axe "Irrun" {freeze, rN+}
rCold   . . .        (no shield)
rNeg    + + .        d - +0 ring mail
rPois   .            (no helmet)
rElec   .            u - +1 cloak
rCorr   .            (no gloves)
SInv    .            g - +0 pair of boots
Will    .....        (no amulet)
Stlth   +            q - ring of protection from fire
HPRegen 0.31/turn    x - ring of positive energy
MPRegen 0.12/turn

%: no passive effects
@: about to teleport
A: claws 1, rugged brown scales 1, ignite blood 1
a: Renounce Religion, Curse Item


You were in a bailey.
You worshipped Ashenzari.
Ashenzari was noncommittal.
You visited 2 branches of the dungeon, and saw 8 of its levels.
You also visited: Sewer and Bailey.

You collected 317 gold pieces.

Inventory:

Hand Weapons
 a - a +0 spear
 n - the +4 hand axe "Irrun" (weapon) {freeze, rN+}
   (You found it on level 3 of the Dungeon)

   rN+:       It protects you from negative energy.
 w - a +2 flail of draining
Armour
 b - a +0 leather armour
 d - a +0 ring mail (worn)
 g - a +0 pair of boots (worn)
 u - a +1 cloak (worn)
Jewellery
 e - a ring of ice
 q - a ring of protection from fire (left claw)
 x - a ring of positive energy (right claw)
Scrolls
 f - 2 scrolls of immolation
 h - 3 scrolls of teleportation
 i - 2 scrolls of fog
 k - 2 scrolls of poison
 s - a scroll of butterflies
 v - a scroll of amnesia
 y - 2 scrolls of revelation
 B - a scroll of blinking {unknown}
 D - a scroll of enchant weapon {unknown}
Potions
 c - 2 potions of ambrosia
 j - 2 potions of brilliance {unknown}
 l - 2 potions of curing
 m - 2 potions of might {unknown}
 o - 2 potions of heal wounds
 p - a potion of attraction {unknown}
 r - a potion of enlightenment {unknown}
 t - a potion of magic {unknown}
 z - a potion of mutation {unknown}
 C - a potion of haste {unknown}


   Skills:
 + Level 7.0 Fighting
 - Level 2.6 Polearms
 + Level 5.8 Armour
 - Level 1.7 Dodging
 - Level 2.0 Spellcasting
 - Level 3.0 Conjurations
 + Level 7.0 Necromancy


You had 9 spell levels left.
You knew the following spells:

 Your Spells              Type           Power      Damage    Failure   Level
a - Kiss of Death         Conj/Necr      68%        2d10      5%          1
b - Necrotise             Necr           96%        1d8       2%          1

Your spell library contained the following spells:

 Spells                   Type           Power      Damage    Failure   Level
 Momentum Strike          Conj/Tloc      12%        3d8       32%         2
 Apportation              Tloc           2%         N/A       38%         1
 Summon Small Mammal      Summ           4%         N/A       38%         1
 Hailstorm                Conj/Ice       6%         3d4       54%         3
 Conjure Ball Lightning   Conj/Air       3%         3x3d6     100%        6
 Discord                  Hex            0%         N/A       100%        8
 Disjunction              Tloc           0%         N/A       100%        8


Dungeon Overview and Level Annotations

Branches:
Dungeon (7/15)             Temple (1/1) D:5           Sewer (visited)
 Bailey (1/1)

Altars:
Ashenzari
Cheibriados
Dithmenos
Kikubaaqudgha
Makhleb
Nemelex Xobeh
Qazlal
Ru
Sif Muna
Trog
Vehumet
Wu Jian


Innate Abilities, Weirdness & Mutations

You have sharp fingernails.
You are partially covered in rugged brown scales. (AC +1, +3% HP)
Your demonic aura sometimes causes spilled blood to erupt in flames.


Message History

The hobgoblin splashes around in the water.
The hobgoblin hits you with a +0 hand axe.
You hit the hobgoblin. You freeze the hobgoblin.
The hobgoblin is severely wounded.
The hobgoblin hits you with a +0 hand axe.
You barely miss the hobgoblin.
The hobgoblin is severely wounded.
The hobgoblin hits you with a +0 hand axe.
You hit the hobgoblin. You freeze the hobgoblin.
You kill the hobgoblin!
You hear a splash. x2
Things that are here:
a +0 hand axe; a +0 leather armour; a hobgoblin corpse
There is an open door here.
You aren't carrying any items that you can evoke.
Okay, then.
You start resting.
HP restored.
Found a gate leading back out of this place.
Okay, then.
Okay, then.
Press: ? - help, v - describe, . - travel Some shallow water.
As you open the gate, it creaks loudly!
As you read the scroll of fear, it crumbles to dust.
You assume a fearsome visage.
The orc warlord resists with some effort.
The orc looks frightened!
The orc warlord roars a battlecry!
The orc goes into a battle-frenzy!
As you read the scroll of teleportation, it crumbles to dust.
You feel strangely unstable.
The orc warlord hits you with a +6 battleaxe!!
The orc warlord attacks as it pursues you!
The orc warlord hits you with a +6 battleaxe!!
* * * LOW HITPOINT WARNING * * *
The orc warlord is engulfed in blazing flames.
The orc warlord is engulfed in blazing flames.
The orc warlord hits you with a +6 battleaxe!!
You die...

#..........'.....'...
#...8......#########.
##......#### #~~~##
##.....#~~#~. ...:~#
##....#~........!o#
#...##~8.8...8.8##
#...'~~.........#.
#.o°'~~....∩....#.
#@..'~~........o#.
#...##o8.8...8.8##
##....#~.... ...?~#
##.....#~~#~. ...} #
##......####~~ #~~ ##
#...8...(.)#########.
#.......).)(....('...
#.........)#~~~~~#...
##..8..8...#~~~~~#...


You could see an orc warlord and an orc (strong, fleeing).

Vanquished Creatures
  Prince Ribbit (D:5)
  Eustachio (D:4)
  Edmund (D:5)
  A steam dragon (D:5)
  2 ice beasts (D:5)
  2 black bears
  2 orc warriors (Bailey)
  A centaur (D:4)
  4 scorpions
  A howler monkey (D:5)
  2 jellies
  2 hounds
  An iguana (D:4)
  A gnoll (Bailey)
  11 adders
  A river rat (Sewer)
  A shadow imp (D:5)
  An ufetubus (D:6)
  4 orcs
  4 bats
  8 endoplasms
  3 giant cockroaches (D:3)
  14 goblins
  9 hobgoblins
  4 jackals (D:1)
  3 quokkas
  5 ball pythons
  10 frilled lizards
  11 kobolds
  11 rats
122 creatures vanquished.

Vanquished Creatures (others)
  An adder (D:5)
1 creature vanquished.

Grand Total: 123 creatures vanquished

Notes
Turn   | Place    | Note
-------+----------+-------------------------------------------
     0 | D:1      | Shayle the Demonspawn Reaver began the quest for the Orb.
     0 | D:1      | Reached XP level 1. HP: 16/16 MP: 3/3
   195 | D:1      | Gained mutation: You have sharp fingernails. [demonic
                  | ancestry]
   195 | D:1      | Reached XP level 2. HP: 21/22 MP: 5/5
   201 | D:1      | Reached skill level 1 in Necromancy
   436 | D:1      | Reached skill level 1 in Armour
   885 | D:2      | Reached XP level 3. HP: 28/28 MP: 6/6
  1660 | D:3      | Found a sparkling altar of Nemelex Xobeh.
  2042 | D:3      | Identified the +4 hand axe "Irrun" {freeze, rN+}
  2098 | D:3      | Reached XP level 4. HP: 28/35 MP: 7/7
  2113 | D:3      | Found a glowing drain.
  2142 | Sewer    | Entered a sewer
  2661 | D:3      | Noticed a scorpion
  2668 | D:3      | Killed a scorpion
  2669 | D:3      | Gained mutation: You are partially covered in rugged brown
                  | scales. (AC +1, +3% HP) [demonic ancestry]
  2669 | D:3      | Reached XP level 5. HP: 37/43 MP: 8/8
  2792 | D:3      | Found an ancient bone altar of Kikubaaqudgha.
  3094 | D:4      | Found a shadowy altar of Dithmenos.
  3302 | D:4      | Reached XP level 6. HP: 49/49 MP: 9/9
  3851 | D:5      | Entered Level 5 of the Dungeon
  3851 | D:5      | Noticed Eustachio
  3872 | D:4      | Killed Eustachio
  3873 | D:4      | Gained mutation: Your demonic aura sometimes causes spilled
                  | blood to erupt in flames. [demonic ancestry]
  3873 | D:4      | Reached XP level 7. HP: 56/56 MP: 10/10
  3904 | D:5      | Reached skill level 5 in Fighting
  3987 | D:5      | Reached skill level 5 in Necromancy
  4010 | D:5      | Found a staircase to the Ecumenical Temple.
  4027 | D:5      | Noticed Edmund
  4030 | Temple   | Entered the Ecumenical Temple
  4043 | Temple   | Became a worshipper of Ashenzari the Shackled
  4072 | D:5      | Killed Edmund
  4158 | D:5      | Noticed Prince Ribbit
  4165 | D:5      | Killed Prince Ribbit
  4166 | D:5      | Reached XP level 8. HP: 65/65 MP: 11/11
  4229 | D:5      | Reached skill level 5 in Armour
  4285 | D:5      | Found a stormy altar of Qazlal.
  5480 | D:7      | Found a flagged portal.
  5491 | Bailey   | Entered a bailey
  5496 | Bailey   | Noticed an orc warlord
  5515 | Bailey   | Learned a level 1 spell: Necrotise
  5776 | Bailey   | Found a runed translucent gate.
  5778 | Bailey   | Found a runed translucent gate.
  5780 | Bailey   | Found a runed translucent gate.
  5871 | Bailey   | Slain by an orc warlord

Illustrated notes

Levels and vault maps discovered:
D:1:      lemuel_arrival_broad_hall, layout_loops_ring, serial_bayou_lake_a
D:2:      kennysheep_big_flooded_room, layout_basic
D:3:      layout_loops_ring, nicolae_overflow_hidden_temple,
          mainiacjoe_overflow_alcove_2, portal_sewer_entry_c,
          serial_bayou_lagoon_b
D:4:      layout_basic, nicolae_dithmenos_the_darkroom, lemuel_flame_loot_1
D:5:      layout_rooms, mainiacjoe_overflow_tiny_flanked,
          minmay_temple_entry_junction, uniq_prince_ribbit1, uniq_edmund,
          uniq_eustachio
D:6:      layout_cave_pods
D:7:      layout_basic, mainiacjoe_overflow_paths, kennysheep_little_box,
          enter_bailey_5
Temple:   jpeg_temple_clearing
Bailey:   bailey_axe_bossmonster_kennysheep, bailey

Skill      XL: |  1  2  3  4  5  6  7  8 |
---------------+-------------------------+-----
Necromancy     | 1 2 3 4 5 7 |  7.0
Armour         | 1 2 3 4 5 |  5.8
Fighting       | 3 4 5 7 |  7.0
Polearms       | |  2.6
Dodging        | |  1.7
Spellcasting   | |  2.0
Conjurations   | |  3.0

Action                     |  1- 3 |  4- 6 |  7- 9 || total
---------------------------+-------+-------+-------++-------
  Melee: Spear             |   197 |       |       ||   197
         Punch             |     4 |     2 |     2 ||     8
         Hand axe          |    13 |   108 |   155 ||   276
  Evoke: Wand              |       |     4 |     5 ||     9
    Use: Scroll            |     9 |     3 |     3 ||    15
         Potion            |       |       |     1 ||     1
   Stab: Paralysed         |       |    15 |    12 ||    27
 Armour: Ring mail         |   117 |    65 |   133 ||   315
  Dodge: Dodged            |    74 |    47 |    99 ||   220

Table legend: (Time is in decaauts)
 A = Elapsed time spent in this place.
 B = Non-inter-level travel time spent in this place.
 C = Inter-level travel time spent in this place.
 D = Time resting spent in this place.
 E = Time spent auto-exploring this place.
 F = Levels seen in this place.
 G = Mean time per level.
                   A        B        C        D        E       F      G
               +--------+--------+--------+--------+--------+-----+--------+
         Total |   6029 |   5674 |    355 |    657 |   3372 |  10 |  602.9 |
       Dungeon |   5146 |   4802 |    344 |    464 |   3162 |   7 |  735.1 |
        Temple |     23 |     12 |     11 |      0 |      0 |   1 |   23.0 |
         Sewer |    463 |    463 |      0 |      0 |    210 |   1 |  463.0 |
        Bailey |    395 |    395 |      0 |    193 |      0 |   1 |  395.0 |
               +--------+--------+--------+--------+--------+-----+--------+

Top non-repeatable levels by time:
     D:3: 1041 daAuts
     D:4: 940 daAuts
     D:6: 911 daAuts
     D:1: 846 daAuts
     D:2: 805 daAuts
     D:5: 589 daAuts
   Sewer: 463 daAuts
  Bailey: 395 daAuts
  Temple: 23 daAuts
     D:7: 12 daAuts
